cohdb
Replays
Latest Replays
All Replays
Popular Replays
Top Player Replays
Match Explorer
How It Works
Community
CoH3 Stats
Reddit
Sign in to upload your games and track your stats! →
Sign in with Steam
Match 42780410
Unlisted
Match 42780410
Overview
Messages
Build Orders
End
Royal Engineer Section
Construct Section Command Post
Dingo Light Scout Car
Infantry Section
Infantry Section
Grenade Package
Selects Canadian Shock Battlegroup
Selects Attacking Spirit
Selects Canadian Shock Section
Canadian Shock Section
Construct Platoon Command Post
Selects Incendiary Munitions
Humber Armored Car
Infantry Training
Construct Field Infirmary
Canadian Shock Section
Selects Pyrotechnics
Selects Pyrotechnics
6-pounder Anti-tank Gun Team
Construct Company Command Post
Selects Churchill Crocodile Heavy Tank
Churchill Crocodile Heavy Tank
Royal Engineer Section
Construct Field Infirmary
Selects Smoke Operation
Smoke Operation
DeadPhoenix
Rather Splendid Cromwell
0
0
Comments
sign in to comment!
No comments posted yet!